 Dungeon Crawl Stone Soup version 0.22-a0-247-gbddf880757 (webtiles) character file.

24054 Peterchen the Severer (level 12, -8/168 HPs)
             Began as a Minotaur Berserker on Feb 25, 2018.
             Was the Champion of Trog.
             Killed by mirror damage (17 damage)
             ... on level 13 of the Dungeon.
             The game lasted 00:33:25 (12306 turns).

Peterchen the Severer (Minotaur Berserker)         Turns: 12306, Time: 00:33:25

Health: -8/168     AC: 22    Str: 30    XL:     12   Next: 77%
Magic:  11/11      EV: 19    Int:  8    God:    Trog [******]
Gold:   750        SH:  6    Dex: 12    Spells: 11/11 levels left

rFire    . . .     SeeInvis +   h - +8 war axe "Veoc" {freeze, *Contam +Blink Int+4 SInv}
rCold    . . .     Gourm    .   (no shield)
rNeg     . . .     Faith    .   k - +0 plate armour
rPois    .         Spirit   .   (helmet restricted)
rElec    .         Reflect  +   (no cloak)
rCorr    .         Harm     .   p - +0 pair of gloves
MR       .....                  x - +0 pair of boots
Stlth    ..........             v - +6 amulet of reflection
HPRegen  0.38/turn              d - +4 ring of protection
MPRegen  0.12/turn              E - +6 ring of evasion

@: berserking, starving, very quick
A: retaliatory headbutt, horns 2
a: Berserk, Trog's Hand, Brothers in Arms, Renounce Religion, Evoke Blink


You were on level 13 of the Dungeon.
You worshipped Trog.
Trog was exalted by your worship.
You were starving.

You visited 1 branch of the dungeon, and saw 13 of its levels.

You collected 750 gold pieces.

Inventory:

Hand Weapons
 h - the +8 war axe "Veoc" (weapon) {freeze, *Contam +Blink Int+4 SInv}
   (You took it off an orc on level 12 of the Dungeon)

   It has been specially enchanted to freeze those struck by it, causing extra
   injury to most foes and up to half again as much damage against particularly
   susceptible opponents.
   It can also slow down cold-blooded creatures.
   It affects your intelligence (+4).
   It lets you see invisible.
   It lets you blink.
   It causes magical contamination when unequipped.
 u - a +3 antimagic executioner's axe
Armour
 k - a +0 plate armour (worn)
 p - a +0 pair of gloves (worn)
 x - a +0 pair of boots (worn)
Jewellery
 d - a +4 ring of protection (left hand)
 s - an uncursed ring of protection from fire
 v - a +6 amulet of reflection (around neck)
 z - an uncursed ring of flight
 E - a +6 ring of evasion (right hand)
Wands
 m - a wand of iceblast (7)
 o - a wand of enslavement (19)
 A - a wand of flame (59)
 F - a wand of polymorph (6)
Scrolls
 b - 5 scrolls of remove curse
 f - 3 scrolls of fog
 j - 9 scrolls of teleportation
 q - 2 scrolls of immolation
 t - a scroll of enchant weapon
 y - 4 scrolls of enchant armour
 B - 2 scrolls of magic mapping
Potions
 a - a potion of invisibility {unknown}
 e - 3 potions of curing
 g - 3 potions of berserk rage
 i - 2 potions of brilliance {unknown}
 r - 3 potions of flight
 w - 3 potions of heal wounds {unknown}
 C - 2 potions of lignification {unknown}
Comestibles
 c - 24 rations


   Skills:
 - Level 12.0 Fighting
 * Level 16.0 Axes
 - Level 11.7 Armour
 - Level 10.7 Dodging


You had 11 spell levels left.
You didn't know any spells.

Dungeon Overview and Level Annotations

Branches:
Dungeon (13/15)            Temple (0/1) D:4            Lair (0/6) D:8
    Orc (0/2) D:12
 Vaults: D:13-14

Altars:
Yredelemnul
Zin
The Shining One

Shops:
D:6 [

Annotations:
D:7 1 runed door, exclusion: 4 orange crystal statues


Innate Abilities, Weirdness & Mutations

You reflexively headbutt those who attack you in melee.
You have a pair of horns on your head.


Message History

The death knight hits you with a great sword!!
* * * LOW HITPOINT WARNING * * *
You slash the death knight! You freeze the death knight.
Your headbutt misses the death knight.
The death knight is severely wounded.
The death knight reflects your damage back at you!
* * * LOW HITPOINT WARNING * * *
Your plate armour prevents you from hitting the death knight.
Your headbutt misses the death knight.
The death knight is severely wounded.
The death knight hits you with a great sword!!
* * * LOW HITPOINT WARNING * * *
You closely miss the death knight.
The death knight is severely wounded.
You slash the death knight! You freeze the death knight.
You kill the death knight!
Trog accepts your kill.
Your Axes skill increases to level 16!
Your damage is reflected back at you!
You die...

.# ######.# .......
.....# ....# ...#
###).# ####.#@.###.#
#.##.#...$..#
########....#.######
#......<..###...#
.................#
.........(.#######
..>........#
#..........#
#..........#


There were no monsters in sight!

Vanquished Creatures
  2 hydras (D:11)
  A death knight (D:13)
  The ghost of zxcv the Archer, a novice CeHu of Nemelex Xobeh (D:8)
  A tengu warrior (D:9)
  3 two-headed ogres
  Nergalle (D:11)
  Pikel (D:9)
  4 ugly things
  A manticore (D:12)
  A cyclops (D:11)
  Joseph (D:7)
  2 kobold demonologists
  A hornet (D:11)
  2 trolls (D:11)
  A queen bee (D:9)
  4 slime creatures (D:12)
  A meliai zombie (D:12)
  A shadow (D:11)
  Eustachio (D:5)
  2 vampires
  27 yaks
  2 wraiths
  2 hungry ghosts (D:10)
  Menkaure (D:4)
  Duvessa (D:7)
  2 necrophages (D:11)
  3 orc warriors
  4 phantoms
  5 ice beasts
  2 sky beasts
  2 black bears
  4 centaurs
  6 ogres
  3 big kobolds
  3 bullfrogs
  Dowan (D:7)
  6 scorpions
  A wyvern skeleton (D:10)
  28 killer bees
  An electric eel (D:12)
  14 wights
  10 howler monkeys
  5 crimson imps
  2 bullfrog zombies
  5 hounds
  5 jellies
  11 orc wizards
  3 centaur skeletons
  An orc priest (D:3)
  4 bullfrog skeletons
  An iguana (D:7)
  Jessica (D:2)
  Ijyb (D:3)
  Terence (D:2)
  15 worker ants
  A worker ant zombie (D:11)
  2 gnolls (D:9)
  5 howler monkey skeletons
  9 adders
  An ooze (D:2)
  2 adder skeletons
  3 worms
  4 dart slugs
  4 leopard geckos
  48 orcs
  5 bats
  6 giant cockroaches
  6 hobgoblins
  23 jackals
  7 quokkas
  A ball python (D:5)
  A frilled lizard (D:5)
  8 goblins
  2 jackal skeletons
  15 kobolds
  A leopard gecko skeleton (D:6)
  A leopard gecko zombie (D:7)
  2 quokka skeletons
  8 rats
380 creatures vanquished.

Notes
Turn   | Place    | Note
-------+----------+-------------------------------------------
     0 | D:1      | Peterchen the Minotaur Berserker began the quest for the Orb.
     0 | D:1      | Reached XP level 1. HP: 19/19 MP: 0/0
   457 | D:1      | Reached XP level 2. HP: 18/27 MP: 1/1
  1047 | D:2      | Reached skill level 4 in Axes
  1107 | D:2      | Noticed Terence
  1119 | D:2      | Killed Terence
  1119 | D:2      | Reached XP level 3. HP: 33/33 MP: 2/2
  1212 | D:2      | Noticed Jessica
  1220 | D:2      | Killed Jessica
  1220 | D:2      | Reached ** piety under Trog
  1220 | D:2      | Reached XP level 4. HP: 41/41 MP: 3/3
  1705 | D:3      | Noticed Ijyb
  1718 | D:3      | Killed Ijyb
  1718 | D:3      | Reached XP level 5. HP: 47/47 MP: 4/4
  1729 | D:3      | Reached skill level 5 in Fighting
  1729 | D:3      | Reached skill level 5 in Axes
  2126 | D:3      | Reached XP level 6. HP: 54/56 MP: 5/5
  2534 | D:4      | Reached *** piety under Trog
  2552 | D:4      | Noticed Menkaure
  2561 | D:4      | Killed Menkaure
  2561 | D:4      | Reached skill level 5 in Armour
  2561 | D:4      | Reached XP level 7. HP: 55/62 MP: 6/6
  2633 | D:4      | Reached skill level 6 in Axes
  2681 | D:4      | Found a staircase to the Ecumenical Temple.
  3159 | D:4      | Reached skill level 5 in Dodging
  3363 | D:5      | Entered Level 5 of the Dungeon
  3452 | D:5      | Noticed Eustachio
  3478 | D:5      | Killed Eustachio
  3478 | D:5      | Reached XP level 8. HP: 71/71 MP: 7/7
  4036 | D:5      | Reached skill level 7 in Axes
  4250 | D:6      | Found Othakyb's Antique Armour Shop.
  4694 | D:6      | Reached **** piety under Trog
  5035 | D:6      | Found a basalt altar of Yredelemnul.
  5334 | D:7      | Found a runed door.
  5336 | D:7      | Noticed an orange crystal statue
  5337 | D:7      | Found the +10 large shield of Ignorance {rN+ Int-4}
  5337 | D:7      | Noticed Duvessa
  5338 | D:7      | Noticed Dowan
  5350 | D:7      | Killed Duvessa
  5354 | D:7      | Killed Dowan
  5407 | D:7      | Found a runed door.
  5419 | D:7      | Noticed Joseph
  5433 | D:7      | Killed Joseph
  5433 | D:7      | Reached skill level 8 in Axes
  5433 | D:7      | Reached XP level 9. HP: 81/81 MP: 8/8
  5973 | D:7      | Noticed an orange crystal statue
  5973 | D:7      | Noticed an orange crystal statue
  5973 | D:7      | Noticed an orange crystal statue
  6933 | D:8      | Noticed zxcv's ghost (novice CeHu)
  6943 | D:8      | Killed zxcv's ghost
  6943 | D:8      | Reached skill level 9 in Axes
  6989 | D:8      | Found a staircase to the Lair.
  6996 | D:8      | Found a glowing golden altar of the Shining One.
  7054 | D:8      | Reached XP level 10. HP: 72/91 MP: 9/9
  7871 | D:9      | Reached skill level 10 in Axes
  7873 | D:9      | Reached skill level 10 in Fighting
  7894 | D:8      | HP: 4/93 [poisoned by a killer bee]
  7901 | D:8      | HP: 3/93 [poisoned by a killer bee]
  7908 | D:8      | HP: 3/93 [poisoned by a killer bee]
  7916 | D:8      | HP: 3/93 [poisoned by a killer bee]
  8247 | D:9      | Reached ***** piety under Trog
  8274 | D:9      | Reached skill level 10 in Armour
  8335 | D:9      | Noticed a tengu warrior
  8345 | D:9      | Killed a tengu warrior
  8585 | D:9      | Noticed Pikel
  8593 | D:9      | Killed Pikel
  8593 | D:9      | Reached XP level 11. HP: 101/101 MP: 10/10
  8799 | D:9      | Reached skill level 11 in Axes
  9019 | D:9      | Noticed a two-headed ogre
  9027 | D:9      | Killed a two-headed ogre
  9027 | D:9      | Reached skill level 10 in Dodging
  9126 | D:10     | Entered Level 10 of the Dungeon
  9272 | D:10     | Received a gift from Trog
  9305 | D:10     | Paralysed by fainting for 5 turns
  9395 | D:10     | Noticed a two-headed ogre
  9400 | D:10     | Killed a two-headed ogre
  9451 | D:10     | Noticed a white ugly thing
  9464 | D:10     | Killed a white ugly thing
 10120 | D:11     | Noticed a two-headed ogre
 10131 | D:11     | Killed a two-headed ogre
 10326 | D:11     | Noticed a brown ugly thing
 10339 | D:11     | Killed a brown ugly thing
 10391 | D:11     | Reached skill level 12 in Axes
 10551 | D:11     | Noticed a four-headed hydra
 10561 | D:11     | Killed a ten-headed hydra
 10561 | D:11     | Reached XP level 12. HP: 97/112 MP: 3/11
 10649 | D:11     | Reached skill level 13 in Axes
 10674 | D:11     | Noticed a seven-headed hydra
 10683 | D:11     | Killed an 11-headed hydra
 10751 | D:11     | Found a glowing silver altar of Zin.
 10803 | D:11     | Noticed Nergalle
 10810 | D:11     | Killed Nergalle
 11259 | D:12     | Reached skill level 14 in Axes
 11704 | D:12     | Reached skill level 15 in Axes
 11712 | D:12     | Got a brightly glowing war axe {freeze}
 11740 | D:12     | Identified the +8 war axe "Veoc" {freeze, *Contam +Blink Int+4 SInv} (You took it off an orc on level 12 of the Dungeon)
 11813 | D:12     | Found a staircase to the Orcish Mines.
 11843 | D:12     | Reached ****** piety under Trog
 11924 | D:12     | Received a gift from Trog
 12292 | D:13     | Noticed a death knight
 12306 | D:13     | Killed a death knight
 12306 | D:13     | Reached skill level 16 in Axes
 12306 | D:13     | Killed by mirror damage

Vault maps used:
D:1:      sevenhm_arrival_forest_fort_large_2
D:2:      uniq_jessica, uniq_terence
D:3:      uniq_ijyb
D:4:      temple_pool_b, first_ration, kennysheep_windowed_goal, uniq_menkaure
D:5:      uniq_eustachio
D:6:      basic_altar, kennysheep_small_square
D:7:      chequers_guarded_unrand_ignorance, uniq_joseph, uniq_duvessa
D:8:      nicolae_overflow_hidden_temple, lair_entry_dummy, basic_altar,
          minmay_tree_intersection
D:9:      enter_bailey_7, blue_anna_alchemist, uniq_pikel
D:11:     basic_altar, uniq_nergalle
D:12:     hiddenorc1_lemuel
D:13:     hangedman_cross_stitches, david_vaults_1, evilmike_surprise_oklob,
          uniq_erolcha, uniq_urug

Skill      XL: |  1  2  3  4  5  6  7  8  9 10 11 12 |
---------------+-------------------------------------+-----
Axes           | 4 5 6 8 9 10 12 16 | 16.0
Fighting       | 4 5 6 8 9 10 12 | 12.0
Armour         | 3 4 5 6 7 9 10 11 | 11.7
Dodging        | 3 4 5 6 8 9 10 | 10.7

Action                   |  1- 3 |  4- 6 |  7- 9 | 10-12 || total
-------------------------+-------+-------+-------+-------++-------
Melee: Hand axe          |    68 |   165 |   314 |   428 ||   975
       Headbutt          |     9 |    22 |    82 |   159 ||   272
       Executioner's axe |       |       |       |   226 ||   226
       War axe           |       |       |       |    40 ||    40
Invok: Berserk           |     1 |     3 |     7 |    12 ||    23
       Trog's Hand       |       |       |     1 |       ||     1
Evoke: Wand              |       |       |       |     2 ||     2
  Use: Scroll            |     2 |     5 |       |    11 ||    18
  Eat: Chunk             |     2 |     6 |    16 |    25 ||    49
       Ration            |       |       |     2 |     2 ||     4
Armor: Scale mail        |    18 |       |       |       ||    18
       Animal skin       |     3 |       |       |       ||     3
       Plate armour      |     5 |    92 |   173 |   321 ||   591
Dodge: Dodged            |    38 |    79 |   147 |   418 ||   682
Block: Other             |       |       |       |   184 ||   184
       Reflection        |       |       |       |     6 ||     6

Table legend:
 A = Spawn XP
 B = Non-spawn XP
 C = Spawn XP percentage of total XP
 D = Spawn monster count
 E = Non-spawn monster count
 F = Spawn count percentage of total count
 G = Total turns spent on level
                    A         B        C        D         E        F      G
               +---------+---------+-------+---------+---------+-------+---------
         Total |       0 |   34364 |   0.0 |       0 |     380 |   0.0 | 12306
               +---------+---------+-------+---------+---------+-------+---------
           D:1 |       0 |      25 |   0.0 |       0 |      16 |   0.0 |  1039
           D:2 |       0 |     132 |   0.0 |       0 |      16 |   0.0 |   661
           D:3 |       0 |     286 |   0.0 |       0 |      43 |   0.0 |   681
           D:4 |       0 |     669 |   0.0 |       0 |      14 |   0.0 |   982
           D:5 |       0 |     741 |   0.0 |       0 |      20 |   0.0 |   827
           D:6 |       0 |     502 |   0.0 |       0 |      11 |   0.0 |  1053
           D:7 |       0 |    1019 |   0.0 |       0 |      12 |   0.0 |  1237
           D:8 |       0 |    3234 |   0.0 |       0 |      40 |   0.0 |  1642
           D:9 |       0 |    7641 |   0.0 |       0 |      74 |   0.0 |  1004
          D:10 |       0 |    3331 |   0.0 |       0 |      23 |   0.0 |   942
          D:11 |       0 |    8097 |   0.0 |       0 |      46 |   0.0 |  1065
          D:12 |       0 |    7720 |   0.0 |       0 |      63 |   0.0 |  1145
          D:13 |       0 |     967 |   0.0 |       0 |       2 |   0.0 |    28
               +---------+---------+-------+---------+---------+-------+---------
